 Dungeon Crawl Stone Soup version 0.30.0-17-ge0270778cf (webtiles) character file.

Game seed: 18133645371373124085

390915 Kenran the Hoplite (level 24, -17/204 HPs)
             Began as a Formicid Fighter on May 21, 2023.
             Was the Champion of Wu Jian.
             Killed by the air
             ... invoked by a blizzard demon
              (19 damage)
             ... on level 2 of the Depths.
             The game lasted 01:30:30 (49403 turns).

Kenran the Hoplite (Formicid Fighter)              Turns: 49403, Time: 01:30:31

Health: -17/204    AC: 44    Str: 24    XL:     24   Next: 19%
Magic:  23/23      EV:  9    Int: 16    God:    Wu Jian [******]
Gold:   2078       SH: 31    Dex: 17    Spells: 23/23 levels left

rFire   + . .        J - +8 battleaxe (drain)
rCold   + . .        V - +2 tower shield {AC+3}
rNeg    . . .        D - +7 gold dragon scales
rPois   +            (helmet unavailable)
rElec   +            p - +2 cloak
rCorr   .            M - +0 pair of gloves of the Forest {Fly rElec}
SInv    +            z - +0 pair of boots
Will    ++...        S - amulet of the Townfolk {Reflect Int+3 SH+5} Stlth
                     f - +4 ring of slaying
HPRegen 0.54/turn    T - +4 ring of protection
MPRegen 0.18/turn

%: reflection
@: flying
A: permanent stasis, dig shafts and tunnels, antennae 3, four strong arms
}: 2/15 runes: decaying, serpentine
a: Dig, Shaft Self, Renounce Religion, Wall Jump, Serpent's Lash, Heavenly Storm


You were on level 2 of the Depths.
You worshipped Wu Jian.
Wu Jian was exalted by your worship.
You visited 8 branches of the dungeon, and saw 37 of its levels.
You also visited: Ice Cave and Volcano.

You collected 4280 gold pieces.
You spent 2202 gold pieces at shops.

Inventory:

Hand Weapons
 a - a +4 war axe of freezing
 b - a +3 heavy executioner's axe
 B - the +8 executioner's axe of Otodurr {pain, rF+ rC- Will+ Int+3}
   (You acquired it on level 15 of the Dungeon)

   Int:       It affects your intelligence (+3).
   rF:        It protects you from fire.
   rC:        It makes you vulnerable to cold.
   Will:      It increases your willpower.
 J - a +8 battleaxe of draining (weapon)
Armour
 e - the +11 plate armour "Edioni Etoss" {Dex+5}
   (You acquired it on level 2 of the Dungeon)

   Dex:       It affects your dexterity (+5).
 p - a +2 cloak (worn)
 z - a +0 pair of boots (worn)
 D - +7 gold dragon scales (worn)
 M - the +0 pair of gloves of the Forest (worn) {Fly rElec}
   (You found it on level 15 of the Dungeon)

   rElec:     It insulates you from electricity.
   Fly:       It grants you flight.
 V - a +2 tower shield of protection (worn)
Jewellery
 f - a +4 ring of slaying (left hand)
 l - a ring of protection from fire
 K - a ring of willpower
 S - the amulet of the Townfolk (around neck) {Reflect Int+3 SH+5}
   (You acquired it on level 2 of the Dungeon)

   [amulet of reflection]

   It reflects blocked missile attacks.
   Int:       It affects your intelligence (+3).
   SH:        It affects your SH (+5).
 T - a +4 ring of protection (right hand)
 U - a ring of positive energy
 X - an amulet of magic regeneration
Wands
 o - a wand of mindburst (27)
 s - a wand of digging (9)
 F - a wand of iceblast (44)
 H - a wand of flame (95)
 L - a wand of charming (39)
 N - a wand of polymorph (15)
 P - a wand of acid (23)
Scrolls
 h - 3 scrolls of magic mapping
 j - 4 scrolls of fog
 m - 6 scrolls of poison {!r}
 t - 5 scrolls of silence
 y - 9 scrolls of immolation {!r}
 A - 6 scrolls of vulnerability {!r}
 C - 2 scrolls of brand weapon
 E - 5 scrolls of fear
 Q - 3 scrolls of summoning
Potions
 c - 2 potions of lignification {!q}
 d - 3 potions of might
 g - 6 potions of flight
 i - 16 potions of curing {@q1}
 n - 8 potions of brilliance
 q - 5 potions of mutation {!q}
 r - 9 potions of heal wounds {@q2}
 u - 2 potions of invisibility
 v - 2 potions of cancellation
 w - 14 potions of ambrosia
 x - 8 potions of attraction {!q}
 G - 4 potions of resistance
 I - 5 potions of magic
Miscellaneous
 k - a lightning rod (4/4)
 O - a box of beasts
 R - a condenser vane
 W - a phantom mirror
 Y - a phial of floods


   Skills:
 - Level 20.0 Fighting
 - Level 20.0 Axes
 - Level 20.0 Armour
 - Level 8.0 Dodging
 + Level 23.3 Shields
 - Level 15.0 Evocations


You had 23 spell levels left.
You didn't know any spells.
Your spell library contained the following spells:

 Spells                   Type           Power      Damage    Failure   Level
 Freeze                   Ice            0%         1d3       99%         1
 Shock                    Conj/Air       0%         1d3       99%         1
 Poisonous Vapours        Pois/Air       0%         N/A       100%        2
 Static Discharge         Conj/Air       0%         2-2/arc   100%        2
 Dazzling Flash           Conj/Hex       0%         N/A       100%        3
 Frozen Ramparts          Ice            0%         1d1       100%        3
 Hailstorm                Conj/Ice       0%         3d3       100%        3
 Inner Flame              Hex/Fire       0%         N/A       100%        3
 Mephitic Cloud           Conj/Pois/Air  0%         N/A       100%        3
 Portal Projectile        Hex/Tloc       0%         N/A       100%        3
 Spider Form              Tmut/Pois      0%         N/A       100%        3
 Tukima's Dance           Hex            0%         N/A       100%        3
 Airstrike                Air            0%         2d(0-16)  100%        4
 Anguish                  Hex/Necr       0%         N/A       100%        4
 Animate Armour           Summ/Erth      0%         N/A       100%        4
 Animate Dead             Necr           0%         N/A       100%        4
 Flame Wave               Conj/Fire      0%         2d4       100%        4
 Ice Form                 Ice/Tmut       0%         N/A       100%        4
 Leda's Liquefaction      Hex/Erth       0%         N/A       100%        4
 Manifold Assault         Tloc           0%         N/A       100%        4
 Passage of Golubria      Tloc           0%         N/A       100%        4
 Petrify                  Tmut/Erth      0%         N/A       100%        4
 Sticky Flame             Conj/Fire      0%         2d3       100%        4
 Summon Ice Beast         Ice/Summ       0%         N/A       100%        4
 Summon Lightning Spire   Summ/Air       0%         N/A       100%        4
 Agony                    Necr           0%         N/A       100%        5
 Blade Hands              Tmut           0%         N/A       100%        5
 Borgnjor's Vile Clutch   Necr/Erth      0%         N/A       100%        5
 Fireball                 Conj/Fire      0%         3d3       100%        5
 Freezing Cloud           Conj/Ice/Air   0%         6-21      100%        5
 Iskenderun's Battlesphe  Conj           0%         2d6       100%        5
 Silence                  Hex/Air        0%         N/A       100%        5
 Yara's Violent Unravell  Hex/Tmut       0%         3d3       100%        5
 Conjure Ball Lightning   Conj/Air       0%         3x3d6     100%        6
 Death Channel            Necr           0%         N/A       100%        6
 Dispersal                Tloc           0%         N/A       100%        6
 Iron Shot                Conj/Erth      0%         9d1       100%        6
 Orb of Destruction       Conj           0%         9d5       100%        7
 Disjunction              Tloc           0%         N/A       100%        8
 Death's Door             Necr           0%         N/A       100%        9
 Swiftness                Air            Unusable   N/A       N/A         3

Dungeon Overview and Level Annotations

Branches:
Dungeon (15/15)            Temple (1/1) D:5            Lair (5/5) D:8
  Swamp (4/4) Lair:3        Snake (4/4) Lair:2        Slime (0/5) Lair:4
    Orc (2/2) D:9             Elf (0/3) Orc:2        Vaults (4/5) D:13
  Crypt (0/3) Vaults:3     Depths (2/4) D:15          IceCv (visited)
Volcano (visited)

Altars:
Ashenzari
Cheibriados
Elyvilon
Fedhas
Hepliaklqana
Kikubaaqudgha
Makhleb
Nemelex Xobeh
Okawaru
Qazlal
Ru
Trog
Uskayaw
Vehumet
Wu Jian
Xom
Yredelemnul
Zin
The Shining One
Jiyva
Lugonu

Shops:
D:15 **   Orc:1 !   Orc:2 !(([   Snake:1 *(*   Snake:3 *   Snake:4 :*
Vaults:1 [   Vaults:3 [

Portals:
Hell: Depths:1
Abyss: Lair:5
Pandemonium: Depths:1
Ziggurat: Depths:1

Annotations:
D:7 1 runed translucent door, Crazy Yiuf
D:9 exclusion: 3 oklob plants
Lair:4 exclusion: 3 oklob plants
Snake:2 2 transporters, Akuuror's ghost, adept GrFi
Vaults:3 exclusion: downstairs
Depths:1 2 transporters, mn3067's ghost, veteran GrBe


Innate Abilities, Weirdness & Mutations

You cannot be hasted, slowed, berserked, paralysed or teleported.
You can dig through walls and to a lower floor.
You have a pair of large antennae on your head. (SInv)
Your four strong arms can wield two-handed weapons with a shield.


Message History

Something smites you!
* * * LOW HITPOINT WARNING * * *
The balrug gestures at you.
The bolt of fire hits you but does no damage.
The blizzard demon waves its arms in wide circles.
The air twists around and strikes you. You block the balrug's attack.
You slash the balrug!
The balrug is lightly wounded.
You miss the balrug.
The balrug is lightly wounded.
You slash the blizzard demon! You block the balrug's attack.
You block the blizzard demon's attack. x2
You slice the balrug!!
The balrug is heavily wounded.
You barely miss the blizzard demon. You block the balrug's attack.
You closely miss the balrug.
The balrug is heavily wounded.
You slice the blizzard demon!!
You block the blizzard demon's attack. x2
The balrug hits you with a +0 vampiric demon whip.
* * * LOW HITPOINT WARNING * * *
You are engulfed in flames!
You resist.
* * * LOW HITPOINT WARNING * * *
You completely miss the balrug.
The balrug is heavily wounded.
You slash the blizzard demon! The balrug gestures at you.
The bolt of fire hits you!! You resist.
* * * LOW HITPOINT WARNING * * *
You block the blizzard demon's attack. x2
Okay, then.
You feel much better.
The balrug hits you with a +0 vampiric demon whip!!
* * * LOW HITPOINT WARNING * * *
You are engulfed in flames!
You resist.
* * * LOW HITPOINT WARNING * * *
The balrug draws strength from your wounds!
The blizzard demon waves its arms in wide circles.
The air twists around and strikes you!!
You die...

▓......'..⌠2▓≈{..+
≈§.....▓...§≈≈...▓
§≈▓▓▓▓▓▓▓...⌠...▓▓
▓▓.....▓▓ ▓▓†..▓▓ {
▓▓▓▓'▓▓▓▓ ▓≈..)..≈▓
▓▓..22.▓▓ ▓≈..@..≈▓
▓▓.....▓▓ ▓≈.....≈▓
▓▓.....▓▓ ###▓≈.....≈▓
. #.#▓▓▓▓)▓▓▓▓
..#######.##.⌠.).).#
.......#...#.......##
.............#⌠...⌠#.#
###


You could see a balrug and a blizzard demon.

Vanquished Creatures
  Mara (Vaults:4)
  An ancient lich (Vaults:3)
  Mennas (Vaults:4)
  A juggernaut (Depths:1)
  the Lernaean hydra (Swamp:4)
  Saint Roka (Orc:2)
  Jory (Vaults:4)
  A Brimstone Fiend (Depths:2)
  Zenata (Vaults:4)
  3 liches
  A walking frostbound tome (Depths:1)
  Asterion (Depths:1)
  3 quicksilver dragons
  A thorn hunter (Swamp:4)
  A shadow dragon (Depths:1)
  The ghost of Kipt the Spry, an adept SpFE of Dithmenos (Vaults:1)
  2 fire giants
  2 nagarajas (Snake:4)
  An iron dragon (Depths:1)
  3 frost giants (Depths:1)
  15 vault wardens
  The ghost of fedoskokos the Severer, a journeyman MiFi of the Shining One (D:15)
  6 ghouls
  An orc warlord (Vaults:2)
  15 ironbound preservers
  14 very ugly things
  8 ironbound thunderhulks
  5 stone giants
  2 deep elf demonologists (Depths:2)
  9 eleionomae
  2 bunyips
  A dire elephant (Vaults:4)
  Snorg (D:13)
  2 blizzard demons (Depths:1)
  A crystal guardian (Vaults:1)
  The ghost of Mortifus the Brawler, a journeyman TrMo of Ru (Lair:2)
  2 ettins
  A deep elf death mage (Vaults:3)
  A merfolk javelineer (Depths:1)
  2 eidola
  Josephine (Orc:2)
  6 great orbs of eyes
  10 yaktaur captains
  2 fire dragons (Depths:1)
  2 shambling mangroves
  An entropy weaver (Vaults:4)
  16 hydras
  A rakshasa (Depths:1)
  5 salamander tyrants
  An ice dragon (Depths:2)
  4 vault guards
  2 spriggan air magi
  A peacekeeper (Vaults:1)
  An ogre mage (D:15)
  9 centaur warriors
  Erica (Orc:1)
  4 ghost crabs
  13 ironbound frosthearts
  3 boulder beetles
  9 alligators
  7 anacondas
  2 deep troll shamans (Depths:1)
  4 thrashing horrors (Lair:5)
  5 deep troll earth magi (Depths:1)
  3 spriggan berserkers (Depths:1)
  8 naga warriors
  3 tengu warriors
  5 two-headed ogres
  7 shock serpents
  A vampire mage (Vaults:3)
  4 orc high priests (Orc:2)
  Urug (D:11)
  22 naga sharpshooters
  5 hell knights
  Sonja (Lair:1)
  3 iron trolls (Depths:1)
  4 goliath frogs
  A shadow wraith (D:15)
  3 flayed ghosts
  2 salamander mystics (Snake:4)
  5 spriggan druids
  44 deep trolls
  2 glowing orange brains
  10 swamp dragons
  11 ironbound convokers
  14 bog bodies
  11 wizards
  A harpy (shapeshifter) (Lair:5)
  5 orc knights
  8 naga ritualists
  Pikel (D:6)
  13 harpies
  14 lindwurms
  12 mana vipers
  An oklob plant (Lair:2)
  3 phantasmal warriors
  5 orc sorcerers
  54 ugly things
  A manticore (D:13)
  7 cyclopes
  A frost giant zombie (Vaults:1)
  5 necromancers
  A salamander (shapeshifter) (D:13)
  4 will-o-the-wisps
  A fire giant zombie (Vaults:1)
  16 salamanders
  A stone giant skeleton (Vaults:4)
  A fire giant skeleton (Vaults:4)
  6 guardian serpents
  5 centaur zombies (D:11)
  24 vault sentinels
  Joseph (Lair:1)
  Maurice (Orc:1)
  42 black mambas
  10 elephants (Lair:5)
  3 smoke demons
  2 molten gargoyles (Volcano)
  15 naga magi
  12 cane toads
  A gargoyle (D:12)
  A yaktaur zombie (Vaults:3)
  42 yaktaurs
  3 freezing wraiths
  A kobold demonologist (D:13)
  2 efreet
  6 komodo dragons
  Psyche (D:11)
  2 anaconda simulacra (IceCv)
  An ancient zyme (Lair:5)
  A wind drake (shapeshifter) (Lair:5)
  A queen bee (D:13)
  3 tengu conjurers
  6 meliai
  15 hornets
  A polar bear (Lair:4)
  9 tyrant leeches
  A polar bear (shapeshifter) (D:13)
  9 trolls
  28 blink frogs
  11 slime creatures
  4 meliai zombies (D:11)
  An ettin skeleton (Vaults:4)
  A centaur simulacrum (D:15)
  7 vampires
  19 spriggans
  A dire elephant simulacrum (IceCv)
  11 water elementals
  5 fire bats (Volcano)
  5 shadows
  38 yaks
  5 basilisks
  13 wraiths
  2 wyverns
  2 ynoxinuls (Lair:5)
  2 fire elementals (Volcano)
  A human (D:9)
  A steam dragon (D:9)
  2 chaos spawn (Depths:1)
  17 vampire mosquitoes
  2 glowing shapeshifter zombies (Vaults:3)
  4 wargs
  2 large abominations (Lair:5)
  40 nagas
  19 swamp worms
  2 acid dragons
  13 water moccasins
  28 orc warriors
  11 swamp drakes
  7 black bears
  3 ice beasts
  4 sky beasts
  8 ogres
  3 boggarts (D:14)
  An elf simulacrum (Vaults:1)
  17 wolves
  12 centaurs
  2 lemures (D:7)
  A phantom (D:5)
  2 human zombies
  5 kobold brigands
  11 bullfrogs
  3 scorpions
  2 earth elementals (Volcano)
  A gnoll sergeant (D:10)
  3 wights (D:3)
  8 small abominations (Lair:5)
  16 killer bees (D:13)
  2 lindwurm simulacra (IceCv)
  6 howler monkeys
  A crimson imp (D:10)
  5 lava snakes (Volcano)
  3 hounds
  27 orc priests
  2 jellies
  3 iguanas
  2 sleepcaps
  Natasha (thrice) (D:4)
  38 orc wizards
  A boggart zombie (D:15)
  A boggart skeleton (D:15)
  2 human simulacra (D:10)
  13 gnolls
  13 adders
  2 shadow imps (D:7)
  A white imp (D:7)
  An ufetubus (D:7)
  4 worms
  3 dart slugs
  79 orcs
  3 ball pythons
  6 endoplasms
  7 giant cockroaches
  7 goblins
  4 hobgoblins
  A quokka (D:1)
  2 bats (D:2)
  A frilled lizard (D:2)
  18 kobolds
  6 rats
1453 creatures vanquished.

Vanquished Creatures (collateral kills)
  A spriggan (Swamp:4)
  A hornet (Swamp:4)
  A necrophage (Swamp:4)
3 creatures vanquished.

Vanquished Creatures (others)
  A shadow dragon (Depths:1)
  3 bloated husks
  A ynoxinul (Depths:1)
  A swamp worm (Swamp:1)
  31 foxfires
37 creatures vanquished.

Grand Total: 1493 creatures vanquished

Notes
Turn   | Place    | Note
-------+----------+-------------------------------------------
     0 | D:1      | Kenran the Formicid Fighter began the quest for the Orb.
     0 | D:1      | Reached XP level 1. HP: 18/18 MP: 1/1
   568 | D:1      | Reached XP level 2. HP: 22/24 MP: 2/2
   956 | D:2      | Reached XP level 3. HP: 29/29 MP: 3/3
  1045 | D:2      | Noticed a black bear
  1054 | D:2      | Killed a black bear
  1055 | D:2      | Reached skill level 5 in Axes
  1055 | D:2      | Reached XP level 4. HP: 26/35 MP: 4/4
  1055 | D:2      | Reached XP level 5. HP: 30/41 MP: 5/5
  1181 | D:2      | Identified a scroll of acquirement
  1183 | D:2      | Acquired the +11 plate armour "Edioni Etoss" {Dex+5}
  1578 | D:3      | Reached XP level 6. HP: 47/47 MP: 6/6
  2117 | D:3      | Reached XP level 7. HP: 45/52 MP: 7/7
  2475 | D:4      | Found a basalt altar of Yredelemnul.
  2527 | D:4      | Noticed Natasha
  2533 | D:4      | Killed Natasha
  2639 | D:4      | Reached XP level 8. HP: 58/58 MP: 8/8
  2673 | D:4      | Noticed Natasha
  2678 | D:4      | Killed Natasha
  2829 | D:4      | Noticed Natasha
  2838 | D:4      | Killed Natasha
  2945 | D:5      | Entered Level 5 of the Dungeon
  2982 | D:5      | Found a broken altar of Ashenzari.
  3177 | D:5      | Found a staircase to the Ecumenical Temple.
  3193 | Temple   | Entered the Ecumenical Temple
  3226 | Temple   | Became a worshipper of the Wu Jian Council
  3883 | D:6      | Reached skill level 10 in Axes
  4354 | D:7      | Reached skill level 5 in Fighting
  4354 | D:7      | Reached XP level 9. HP: 68/68 MP: 9/9
  4467 | D:7      | Noticed Pikel
  4619 | D:6      | Killed Pikel
  4790 | D:7      | Reached skill level 1 in Evocations
  4882 | D:6      | Reached XP level 10. HP: 46/76 MP: 10/10
  5067 | D:7      | Reached * piety under Wu Jian
  5231 | D:7      | Found a runed translucent door.
  5232 | D:7      | Noticed Crazy Yiuf
  5482 | D:8      | Reached skill level 5 in Evocations
  5522 | D:8      | Reached skill level 5 in Armour
  5543 | D:8      | Found a staircase to the Lair.
  5569 | D:8      | Reached ** piety under Wu Jian
  5951 | D:9      | Reached XP level 11. HP: 43/86 MP: 11/11
  6160 | D:9      | Reached *** piety under Wu Jian
  6177 | D:9      | Found a staircase to the Orcish Mines.
  6525 | D:9      | Noticed an oklob plant
  6525 | D:9      | Noticed an oklob plant
  6929 | D:9      | Noticed an oklob plant
  6973 | D:10     | Entered Level 10 of the Dungeon
  7050 | D:10     | Noticed a two-headed ogre
  7078 | D:9      | Killed a two-headed ogre
  7246 | D:10     | Reached **** piety under Wu Jian
  7703 | D:10     | Found a burning altar of Makhleb.
  7704 | D:10     | Found a radiant altar of Vehumet.
  7891 | D:11     | Noticed a two-headed ogre
  7977 | D:10     | Killed a two-headed ogre
  7978 | D:10     | Reached skill level 10 in Fighting
  7978 | D:10     | Reached XP level 12. HP: 43/97 MP: 12/12
  8640 | D:11     | Reached skill level 5 in Shields
  8666 | D:11     | Noticed Psyche
  8667 | D:11     | Noticed Urug
  8675 | D:11     | Killed Psyche
  8687 | D:11     | Killed Urug
  9036 | Lair:1   | Entered Level 1 of the Lair of Beasts
  9074 | Lair:1   | Noticed Joseph
  9085 | Lair:1   | Killed Joseph
  9440 | Lair:1   | Reached skill level 6 in Shields
  9651 | Lair:1   | Reached XP level 13. HP: 108/108 MP: 13/13
  9919 | Lair:1   | Noticed Sonja
  9942 | Lair:1   | Killed Sonja
 10308 | Lair:2   | Found a runed translucent door.
 10309 | Lair:2   | Noticed Mortifus's ghost (journeyman TrMo)
 10440 | Lair:2   | Found a hazy altar of Hepliaklqana.
 10470 | Lair:2   | Reached skill level 7 in Shields
 10691 | Lair:2   | Found a staircase to the Snake Pit.
 11525 | Lair:3   | Found a dark tunnel.
 11530 | Volcano  | Entered a volcano
 11722 | Volcano  | Found a radiant altar of Vehumet.
 11732 | Volcano  | Reached ***** piety under Wu Jian
 11735 | Volcano  | Reached skill level 8 in Shields
 11747 | Volcano  | Noticed a stone giant
 11753 | Volcano  | Reached skill level 10 in Armour
 11757 | Volcano  | Killed a stone giant
 11758 | Volcano  | Reached skill level 15 in Axes
 11944 | Lair:3   | Found a staircase to the Swamp.
 13063 | Lair:4   | Noticed a seven-headed hydra
 13078 | Lair:4   | Killed a one-headed hydra
 13143 | Lair:4   | Identified the +11 falchion of Gefrugh {venom, rPois rN++
                  | Dex-2}
 13474 | Lair:4   | Found a viscous altar of Jiyva.
 13474 | Lair:4   | Found a staircase to the Slime Pits.
 13722 | Lair:4   | Reached XP level 14. HP: 115/115 MP: 14/14
 13959 | Lair:5   | Entered Level 5 of the Lair of Beasts
 15135 | Lair:5   | Reached ****** piety under Wu Jian
 15594 | Lair:5   | Reached skill level 9 in Shields
 15777 | Lair:5   | Found a corrupted altar of Lugonu.
 15777 | Lair:5   | Found a one-way gate to the infinite horrors of the Abyss.
 15782 | Lair:5   | Got the Incunabulum of Decaying Putrescence
 16074 | D:12     | Reached XP level 15. HP: 126/126 MP: 15/15
 16871 | D:13     | Found a gate to the Vaults.
 16888 | D:13     | Reached skill level 10 in Shields
 17470 | D:13     | Noticed Nessos
 17471 | D:13     | Nessos changed into Nessos the black mamba
 17471 | D:13     | Noticed Nessos
 17479 | D:13     | Killed Nessos the black mamba
 17480 | D:13     | Reached skill level 10 in Evocations
 18131 | D:13     | Identified the ring of Temptation {rPois rF- rC+ Int-5
                  | Stlth+}
 18285 | D:14     | Noticed Snorg
 18376 | D:13     | Killed Snorg
 18727 | D:15     | Entered Level 15 of the Dungeon
 19178 | D:14     | Reached skill level 15 in Fighting
 19855 | Orc:1    | Entered Level 1 of the Orcish Mines
 19856 | Orc:1    | Noticed Erica
 19864 | Orc:1    | Killed Erica
 20568 | Orc:2    | Entered Level 2 of the Orcish Mines
 20610 | Orc:2    | Noticed Saint Roka
 20823 | Orc:2    | Killed Saint Roka
 20824 | Orc:2    | Reached skill level 1 in Dodging
 21026 | Orc:2    | Reached XP level 16. HP: 138/138 MP: 16/16
 21388 | Orc:2    | Found Fuojai Ceru's Antique Weapon Shop.
 21388 | Orc:2    | Found Helokk's Armour Boutique.
 21389 | Orc:2    | Found Qicu's Antique Weapon Boutique.
 21392 | Orc:2    | Found Acoesof's Distillery.
 21411 | Orc:2    | Bought a potion of heal wounds for 85 gold pieces
 21423 | Orc:2    | Bought a glowing battleaxe for 294 gold pieces
 21624 | Orc:2    | Noticed Josephine
 21640 | Orc:2    | Killed Josephine
 21769 | Orc:2    | Found a staircase to the Elven Halls.
 21858 | Orc:2    | Reached skill level 5 in Dodging
 22020 | Orc:1    | Found Teosay's Distillery.
 22044 | Orc:1    | Bought a potion of cancellation for 128 gold pieces
 22044 | Orc:1    | Bought 3 potions of heal wounds for 240 gold pieces
 22164 | Orc:1    | Noticed Maurice
 22180 | Orc:1    | Killed Maurice
 22644 | D:15     | Found a staircase to the Depths.
 23310 | D:15     | Found a runed translucent gate.
 23310 | D:15     | Found a runed translucent gate.
 23311 | D:15     | Found a runed translucent gate.
 23311 | D:15     | Noticed fedoskokos's ghost (journeyman MiFi)
 23837 | D:15     | Found Dearisti's Specific Store.
 23840 | D:15     | Found Icujun's General Store.
 23844 | D:15     | Bought a scroll of acquirement for 520 gold pieces
 23844 | D:15     | Bought a condenser vane for 400 gold pieces
 23849 | D:15     | Acquired the amulet of the Townfolk {Reflect Int+3 SH+5}
 23955 | D:15     | Acquired the +8 executioner's axe of Otodurr {pain, rF+ rC-
                  | Will+ Int+3}
 24305 | Lair:2   | Killed Mortifus's ghost
 24587 | D:15     | Killed fedoskokos's ghost
 24612 | D:15     | Identified the +0 pair of gloves of the Forest {Fly rElec}
 25113 | Snake:1  | Entered Level 1 of the Snake Pit
 25456 | Snake:1  | You are sucked into a shaft and drop 1 floor!
 25515 | Snake:2  | Reached XP level 17. HP: 105/139 MP: 17/17
 25519 | Snake:2  | Reached skill level 15 in Armour
 25810 | Snake:2  | Noticed Akuuror's ghost (adept GrFi)
 25819 | Snake:2  | Found a transporter.
 25822 | Snake:2  | Found the ring of the Octopus King
 25974 | Snake:2  | Found a transporter.
 26515 | Snake:1  | Found Ysorghoq's General Store.
 26517 | Snake:1  | Found Irojuece's Antique Weapon Boutique.
 26519 | Snake:1  | Found Atrunamp's Assorted Antiques.
 26527 | Snake:1  | Bought a scroll labelled SEANLU LOREL for 38 gold pieces
 29607 | Snake:3  | Reached XP level 18. HP: 147/151 MP: 18/18
 29641 | Snake:3  | Found Axke Cua's Assorted Antiques.
 29645 | Snake:3  | Bought a potion of heal wounds for 165 gold pieces
 29808 | Swamp:1  | Entered Level 1 of the Swamp
 29931 | Lair:3   | Reached skill level 11 in Shields
 30345 | Swamp:1  | Reached skill level 12 in Shields
 30755 | Swamp:2  | Reached skill level 13 in Shields
 30864 | Swamp:2  | Found a snail-covered altar of Cheibriados.
 30996 | Swamp:2  | Found a frozen archway.
 31007 | Swamp:2  | Reached skill level 14 in Shields
 31016 | IceCv    | Entered an ice cave
 31993 | Swamp:3  | Reached skill level 15 in Shields
 32626 | Swamp:4  | Entered Level 4 of the Swamp
 32689 | Swamp:4  | Reached skill level 16 in Shields
 34257 | Swamp:4  | Reached skill level 17 in Shields
 34816 | Swamp:4  | Reached XP level 19. HP: 49/157 MP: 19/19
 35060 | Swamp:4  | Reached skill level 18 in Shields
 35469 | Swamp:4  | Noticed the 27-headed Lernaean hydra
 35480 | Swamp:4  | Killed the 19-headed Lernaean hydra
 35500 | Swamp:4  | Got a decaying rune of Zot
 36130 | Swamp:4  | Identified the +2 cloak of Grottiness {Str+2}
 36698 | Snake:4  | Entered Level 4 of the Snake Pit
 36756 | Snake:4  | Found Vuytid's Neck Hole.
 36846 | Snake:4  | Found Nengalei's Book Emporium.
 36861 | Snake:4  | Found a radiant altar of Vehumet.
 37793 | Snake:4  | Reached skill level 19 in Shields
 38016 | Snake:4  | Got a serpentine rune of Zot
 38714 | Vaults:1 | Entered Level 1 of the Vaults
 38740 | Vaults:1 | Reached XP level 20. HP: 168/168 MP: 20/20
 38810 | Vaults:1 | Found Ybietitt's Antique Armour Shoppe.
 39625 | Vaults:1 | Reached skill level 20 in Shields
 39722 | Vaults:1 | Identified the +2 helmet of Claustrophobia {rC+ rN+ SInv}
 39836 | Vaults:1 | Found a runed translucent door.
 39836 | Vaults:1 | Noticed Kipt's ghost (adept SpFE)
 39863 | Vaults:1 | Killed Kipt's ghost
 41283 | Vaults:1 | Acquired 504 gold pieces
 41934 | Vaults:2 | Reached XP level 21. HP: 136/175 MP: 21/21
 43427 | Vaults:2 | Reached skill level 21 in Shields
 43427 | Vaults:2 | Reached XP level 22. HP: 184/184 MP: 22/22
 43648 | Vaults:3 | Noticed an ancient lich
 43657 | Vaults:3 | Reached skill level 22 in Shields
 43662 | Vaults:3 | Killed an ancient lich
 43790 | Vaults:3 | Found Gatt's Antique Armour Shop.
 43845 | Vaults:3 | Bought a pair of fading gloves for 332 gold pieces
 43845 | Vaults:3 | Identified the +2 pair of gloves "Enafris" {Rampage rN++}
                  | (You bought it in a shop on level 3 of the Vaults)
 44168 | Vaults:3 | Identified the +0 quarterstaff of Chaos {holy, rElec rPois
                  | Will+ Dex-2}
 44379 | Vaults:3 | Found a staircase to the Crypt.
 44992 | Vaults:4 | Noticed Zenata
 45011 | Vaults:4 | Killed Zenata
 45486 | Vaults:4 | Reached XP level 23. HP: 189/190 MP: 23/23
 45722 | Vaults:4 | Noticed Mennas
 45740 | Vaults:4 | Killed Mennas
 45807 | Vaults:4 | Noticed Jory
 45833 | Vaults:4 | Killed Jory
 46081 | Vaults:4 | Noticed Mara
 46277 | Vaults:4 | Noticed Kenran's illusion
 46305 | Vaults:4 | Killed Mara
 46738 | Vaults:4 | Reached skill level 15 in Evocations
 47044 | Depths:1 | Entered Level 1 of the Depths
 47243 | Depths:1 | Noticed Asterion
 47272 | Depths:1 | Killed Asterion
 47364 | Depths:1 | Found a transporter.
 47375 | Depths:1 | Noticed a caustic shrike
 47386 | Depths:1 | Noticed mn3067's ghost (veteran GrBe)
 47388 | Depths:1 | Got Mystical Knowledge and You
 47394 | Depths:1 | Found a transporter.
 47469 | Depths:1 | Found a one-way gateway to a ziggurat.
 47510 | Depths:1 | Found a one-way gate leading to the halls of Pandemonium.
 47656 | Depths:1 | Found a gateway to Hell.
 47697 | Depths:1 | Found a glowing golden altar of the Shining One.
 47709 | Depths:1 | Noticed a juggernaut
 47724 | Depths:1 | Killed a juggernaut
 47871 | Depths:1 | Found a runed translucent door.
 47881 | Depths:1 | Found a glowing silver altar of Zin.
 47893 | Depths:1 | Found a white marble altar of Elyvilon.
 48353 | Depths:1 | Reached XP level 24. HP: 168/204 MP: 23/23
 49131 | Depths:2 | Reached skill level 23 in Shields
 49402 | Depths:2 | HP: 10/204 [balrug/bolt of fire (25)]
 49403 | Depths:2 | HP: 2/204 [balrug/+0 vampiric demon whip (10)]
 49403 | Depths:2 | Killed from afar by a blizzard demon

Illustrated notes

Levels and vault maps discovered:
D:1:      onia_arrival_mini_spirals, layout_loops_corners
D:2:      layout_rooms, chequers_serial_rivers_large_b
D:3:      layout_loops_cross, minmay_pentangle
D:4:      layout_basic, mainiacjoe_overflow_small_starburst, uniq_natasha
D:5:      layout_cave_pods, ashenzari_altar_1, minmay_temple_entry_arrows
D:6:      layout_gridville
D:7:      layout_cave_pools, minmay_joined_circles, uniq_crazy_yiuf_cottage,
          uniq_pikel
D:8:      layout_cave_pools, due_lair_maze_entry_diamond
D:9:      layout_long_grid, erik_orc_4, disabler_island
D:10:     layout_gridville, grunt_temple_overflow_lords_of_destruction,
          bh_circular_ruins
D:11:     layout_cave_pools, serial_undead, serial_undead_e, serial_undead_f,
          serial_undead_c, serial_undead_d, serial_undead_f, serial_undead_b,
          serial_undead_b, uniq_psyche, uniq_urug
D:12:     layout_irregular_city
D:13:     layout_roguey, david_vaults_2, serial_glass, glass_columns_c,
          glass_columns_b, minmay_strange_pillars, special_room
          [special_room_bee], minmay_lindwurm_lava, uniq_nessos
D:14:     layout_big_octagon, palyth_stone_intersect, uniq_snorg
D:15:     grunt_enter_depths_magical_seal, layout_small_grid,
          kennysheep_flooded_box, gammafunk_ghost_spectres,
          nicolae_specific_store
Temple:   compressed_dpeg_circular_temple
Lair:1:   layout_cave_pods, serial_bayou_lagoon_a, worms_lemuel, uniq_joseph,
          uniq_sonja
Lair:2:   dreamdust_cave_troll, layout_long_grid, nicolae_snake_entry_squirm,
          gammafunk_ghost_grave, lemuel_oklob_altar
Lair:3:   layout_cave_pods, skrybe_swamp_entry_bodies,
          nicolae_volcano_entry_s_turn
Lair:4:   layout_regular_city, minmay_slime_entry_oklob_open,
          eino_small_chamber_without_monster, serial_bayou_shore_b
Lair:5:   hellmonk_lair_end_abyssal_woods, layout_small_grid, serial_rivers,
          chequers_serial_rivers_micro_a, chequers_serial_rivers_micro_d,
          chequers_serial_rivers_small_a, chequers_serial_rivers_micro_e,
          chequers_serial_rivers_micro_a, grunt_megastairs_5
Swamp:1:  layout_basic_swamp, evilmike_swamp_ruin_rubble_2,
          infiniplex_staircase_pool
Swamp:2:  layout_basic_swamp, portal_ice_cave_entry_pillars_four,
          lemuel_altar_in_water
Swamp:3:  layout_falls_marsh, evilmike_swamp_ruin_house_5
Swamp:4:  grunt_swamp_rune_castle, layout_basic_swamp
Snake:1:  layout_misc_corridors, minmay_shop_star
Snake:2:  layout_misc_corridors, gammafunk_ghost_arena
Snake:3:  layout_grid_shapes, serial_shops, nicolae_shop_back_alley_shop
Snake:4:  hellmonk_snake_rune_quicksilver_temple, layout_cave_pods,
          serial_shops, shop, basic_altar, nicolae_shop_sticking_my_neck_out
Orc:1:    layout_caves, serial_shops, shop, uniq_erica, uniq_maurice
Orc:2:    st_orc_mages, layout_caves, uniq_saint_roka, uniq_josephine
Vaults:1: gammafunk_ghost_grave, ontoclasm_vaults_gallery,
          nicolae_vaults_network_s, vaults_room_door_hall,
          nicolae_vaults_little_squares_4, nicolae_vaults_wrenched, v_rooms_5,
          vaults_room_fours, hangedman_vaults_river_flow,
          vaults_room_semicircle, layout_vaults_omnibox, serial_shops,
          nicolae_shop_waterfront
Vaults:2: vaults_room_fancy_cross, hangedman_vaults_slice,
          nicolae_vaults_wine_cellar, v_misc_27, nicolae_vaults_border_crossing,
          v_misc_3, nicolae_vaults_little_guard_posts, vaults_room_door_ring,
          vaults_room_semicircle, nicolae_vaults_house_3,
          nicolae_vaults_tetromino_T_2, v_misc_10, layout_vaults_big_room
Vaults:3: hangedman_vaults_corner, nicolae_vaults_you_can_take_it_with_you,
          vaults_room_ringed_pool, minmay_crypt_entry_simple_round,
          nicolae_vaults_little_squares_3, layout_vaults_quadrants,
          serial_shops, shop
Vaults:4: hangedman_vaults_nails, hangedman_vaults_hat,
          hangedman_vaults_restitches, nicolae_vaults_circle_grid_a,
          nicolae_vaults_oval_intersection, v_misc_13,
          ontoclasm_vaults_shuriken, vaults_dpeg_encased_lava,
          nicolae_vaults_murderbox, nicolae_vaults_spaceships,
          vaults_dpeg_cross, nicolae_vaults_house_3, layout_vaults_omnicross,
          uniq_jory, uniq_mennas, uniq_mara, uniq_zenata
Depths:1: layout_cave_pools, ziggurat_fallback, hangedman_coc_ice_floe,
          rand_demon_pan_entry_1, good_gods_temple_1,
          gammafunk_ghost_berserking_beasts, hangedman_glass_teeth,
          minivault_11, minmay_hidden_floor, serial_bayou_shore_b, uniq_asterion
Depths:2: evilmike_makhleb_hellhole, layout_cave_shapes, minmay_crystal_room,
          hellmouth_3, serial_sigils, serial_sigils_hangedman_stare,
          serial_sigils_hangedman_scratch, serial_sigils_hangedman_scar,
          ebering_ghost_rock_garden, rand_demon_pan_entry_9,
          serial_bayou_shore_b

Skill      XL: |  1  2  3  4  5  6  7  8  9 10 11 12 13 14 15 16 17 18 19 20 21 22 23 24 |
---------------+-------------------------------------------------------------------------+-----
Axes           | 3 5 7 8 10 12 14 16 18 19 20 | 20.0
Fighting       | 5 6 8 10 12 14 16 17 18 20 | 20.0
Evocations     | 3 5 6 8 9 10 11 12 15 | 15.0
Armour         | 7 8 9 10 12 14 16 17 18 20 | 20.0
Shields        | 6 8 9 10 17 19 20 21 22 23 | 23.3
Dodging        | 2 8 |  8.0

Action                     |  1- 3 |  4- 6 |  7- 9 | 10-12 | 13-15 | 16-18 | 19-21 | 22-24 || total
---------------------------+-------+-------+-------+-------+-------+-------+-------+-------++-------
  Melee: War axe           |    44 |    94 |   225 |   562 |  1119 |  1651 |  1180 |       ||  4875
         Unarmed           |       |       |     2 |       |       |       |       |       ||     2
         Hand axe          |       |       |       |       |    19 |    58 |    54 |       ||   131
         Battleaxe         |       |       |       |       |       |       |    13 |   902 ||   915
 Invoke: Serpent's Lash    |       |       |       |       |     1 |     3 |       |       ||     4
Ability: Lunge             |       |       |    10 |    36 |    54 |    86 |    44 |    44 ||   274
         Whirlwind         |       |       |       |    72 |   131 |   189 |   111 |    33 ||   536
         Wall Jump         |       |       |       |     7 |    10 |     6 |     4 |     2 ||    29
         Dig               |       |       |       |     2 |     2 |     3 |     2 |     4 ||    13
  Evoke: Wand              |       |       |       |       |     1 |       |     2 |     2 ||     5
         Box of beasts     |       |       |       |       |       |     1 |       |     1 ||     2
         Condenser vane    |       |       |       |       |       |     1 |       |     1 ||     2
         Lightning rod     |       |       |       |       |       |       |       |     4 ||     4
         Phantom mirror    |       |       |       |       |       |       |       |     1 ||     1
    Use: Scroll            |     3 |     3 |     8 |    12 |     3 |     4 |    15 |     1 ||    49
         Potion            |       |       |       |     2 |     7 |     6 |     3 |     4 ||    22
   Stab: Invisible         |       |       |       |       |       |     4 |       |       ||     4
         Distracted        |       |       |       |       |       |     2 |     1 |       ||     3
 Armour: Scale mail        |    36 |    10 |       |       |       |       |       |       ||    46
         Plate armour      |       |    66 |   126 |   349 |   618 |   597 |   209 |       ||  1965
         Gold dragon scale |       |       |       |       |       |       |   281 |   210 ||   491
  Dodge: Dodged            |    18 |    17 |    63 |   210 |   380 |   412 |   171 |   102 ||  1373
  Block: Buckler           |    17 |    21 |    41 |   122 |   174 |       |       |       ||   375
         Kite shield       |       |       |       |       |   166 |   502 |       |       ||   668
         Reflection        |       |       |       |       |       |    95 |    84 |    38 ||   217
         Tower shield      |       |       |       |       |       |   847 |  1225 |   755 ||  2827
